 Dungeon Crawl Stone Soup version 0.30-a0-29-g142975f185 (webtiles) character file.

Game seed: 15169186051402031841

35383 Sobieck the Slicer (level 13, -1/67 HPs)
             Began as a Vine Stalker Hunter on Aug 26, 2022.
             Was a Believer of Uskayaw.
             Slain by a boulder beetle (17 damage)
             ... on level 4 of the Lair of Beasts.
             The game lasted 00:37:57 (14909 turns).

Sobieck the Slicer (Vine Stalker Hunter)           Turns: 14909, Time: 00:37:58

Health: -1/67      AC: 12    Str: 14    XL:     13   Next: 83%
Magic:  0/21       EV: 15    Int:  9    God:    Uskayaw [**....]
Gold:   1007       SH:  0    Dex: 23    Spells: 22/22 levels left

rFire   + . .      SeeInvis .    b - +1 short sword (elec) {short}
rCold   + . .      Faith    .    (no shield)
rNeg    . . .      Spirit   +    c - +2 troll leather armour
rPois   +          Reflect  .    (no helmet)
rElec   .          Harm     .    E - scarf {rC+ rF+}
rCorr   .          Rampage  .    (no gloves)
Will    +....                    n - +1 pair of boots
Stlth   ++++......               r - amulet of regeneration {@e2}
HPRegen 2.61/turn                z - ring of poison resistance
MPRegen 0.17/turn                F - +4 ring of protection

@: no status effects
A: fangs 3, regeneration 1, magic shield, antimagic bite, no potion heal 2
a: Renounce Religion, Stomp, Line Pass


You were on level 4 of the Lair of Beasts.
You worshipped Uskayaw.
Uskayaw was aware of your devotion.
You visited 3 branches of the dungeon, and saw 16 of its levels.

You collected 1007 gold pieces.


Innate Abilities, Weirdness & Mutations

You have razor-sharp teeth.
Your natural rate of healing is unusually fast.
When hurt, damage is shared between your health and your magic reserves.
Your bite disrupts and absorbs the magic of your enemies.
Potions cannot restore your health.


   Skills:
 + Level 7.6 Fighting
 - Level 12.0 Short Blades
 + Level 11.3 Ranged Weapons
 - Level 2.0 Armour
 - Level 5.0 Dodging
 + Level 9.1 Stealth
 + Level 5.2 Spellcasting
 * Level 8.5 Invocations


You had 22 spell levels left.
You didn't know any spells.
Your spell library contained the following spells:

 Spells                   Type           Power      Damage    Failure   Level
 Foxfire                  Conj/Fire      8%         2x1d4     30%         1
 Necrotise                Necr           8%         1d4       30%         1
 Sandblast                Erth           4%         2d4       30%         1
 Slow                     Hex            8%         N/A       30%         1
 Passwall                 Tmut/Erth      1%         N/A       41%         2
 Confusing Touch          Hex            2%         N/A       65%         3
 Conjure Flame            Conj/Fire      2%         6-21      65%         3
 Inner Flame              Hex/Fire       2%         N/A       65%         3
 Stone Arrow              Conj/Erth      4%         3d7       65%         3
 Vampiric Draining        Necr           2%         2d6       65%         3
 Animate Dead             Necr           2%         N/A       96%         4
 Flame Wave               Conj/Fire      2%         2d4       96%         4
 Fulminant Prism          Conj/Hex       1%         3d6       96%         4
 Iskenderun's Mystic Bla  Conj/Tloc      2%         2d3       96%         4
 Agony                    Necr           2%         N/A       100%        5
 Borgnjor's Vile Clutch   Necr/Erth      1%         N/A       100%        5
 Lee's Rapid Deconstruct  Erth           1%         3d5*      100%        5
 Death Channel            Necr           1%         N/A       100%        6

Inventory:

Hand Weapons
 a - a +0 arbalest {crossbow}
   (You took it off an orc warrior on level 9 of the Dungeon)
 b - a +1 short sword of electrocution (weapon) {short}
   (You took it off a kobold on level 1 of the Dungeon)
 k - a +1 whip of pain {mace}
   (You took it off an orc on level 5 of the Dungeon)
 l - a +0 short sword {short}
   (You took it off a kobold on level 1 of the Dungeon)
 s - the +8 spear of the Hero {vamp, rPois Str+4 Int+2, polearm}
   (You found it on level 9 of the Dungeon)

   It occasionally heals its wielder for a portion of the damage dealt when it
   wounds a living foe.
   Str:       It affects your strength (+4).
   Int:       It affects your intelligence (+2).
   rPois:     It protects you from poison.
 G - a +1 dagger of speed {short}
   (You took it off a kobold on level 4 of the Dungeon)
 O - a +1 flail of draining {mace}
   (You took it off Edmund on level 5 of the Dungeon)
 T - a +0 flail of protection {mace}
   (You took it off an orc priest on level 6 of the Dungeon)
Missiles
 d - 4 throwing nets {=f!fthrowing}
 m - 162 stones {throwing}
 u - 6 silver boomerangs {throwing}
 H - 21 poisoned darts {throwing}
 Q - 8 boomerangs {throwing}
Armour
 c - a +2 troll leather armour (worn)
   (You found it on level 9 of the Dungeon)
 f - a scarf of repulsion
   (You found it on level 5 of the Dungeon)
 n - a +1 pair of boots (worn)
   (You found it on level 1 of the Dungeon)
 E - a scarf of resistance (worn)
   (You found it on level 3 of the Dungeon)
 K - a +0 plate armour
   (You found it on level 4 of the Dungeon)
 M - a +0 scale mail
   (You found it on level 4 of the Dungeon)
 N - a +0 plate armour
   (You found it on level 4 of the Dungeon)
 S - a +0 leather armour
   (You took it off an orc on level 6 of the Dungeon)
 U - a +0 chain mail
   (You found it on level 6 of the Dungeon)
 X - a +2 robe of cold resistance
   (You took it off Sigmund on level 6 of the Dungeon)
 Y - a +0 leather armour
   (You took it off an orc on level 6 of the Dungeon)
Jewellery
 r - an amulet of regeneration (around neck) {@e2}
   (You took it off a kobold on level 8 of the Dungeon)
 y - a +6 ring of intelligence
   (You found it on level 2 of the Lair of Beasts)
 z - a ring of poison resistance (left hand)
   (You found it on level 3 of the Dungeon)
 F - a +4 ring of protection (right hand)
   (You found it on level 3 of the Dungeon)
 L - a ring of see invisible
   (You found it on level 9 of the Dungeon)
 W - a +6 ring of strength
   (You found it on level 6 of the Dungeon)
Wands
 v - a wand of light (13)
   (You found it on level 2 of the Dungeon)
 x - a wand of digging (9)
   (You took it off a hobgoblin on level 2 of the Dungeon)
 A - a wand of charming (10)
   (You found it on level 2 of the Lair of Beasts)
 V - a wand of roots (19)
   (You found it on level 6 of the Dungeon)
Scrolls
 e - 6 scrolls of immolation {!r!r}
 i - 6 scrolls of vulnerability {!r!r}
 C - a scroll of poison
 D - 5 scrolls of butterflies
 P - a scroll of magic mapping {!r}
 Z - 7 scrolls of teleportation {@r4}
Potions
 g - a potion of magic
 h - 4 potions of heal wounds {@q2}
 j - 3 potions of mutation {!q}
 o - 3 potions of brilliance
 p - 9 potions of curing {@q1}
 q - 4 potions of flight
 t - 4 potions of lignification {!q}
 w - a potion of cancellation {unknown}
 B - a potion of haste {unknown}
 I - 2 potions of invisibility
 J - 2 potions of attraction {!q}
 R - a potion of might {unknown}

Dungeon Overview and Level Annotations

Branches:
Dungeon (11/15) Zot: 26682  Temple (1/1) D:6 Zot: 5969    Lair (4/5) D:9 Zot: 20315
  Swamp (0/4) Lair:2       Spider (0/4) Lair:3          Orc (0/2) D:9
  Slime: Lair:4-5

Altars:
Cheibriados
Elyvilon
Hepliaklqana
Nemelex Xobeh
Ru
Sif Muna
Uskayaw
Zin
The Shining One
Jiyva

Shops:
D:1 *

Annotations:
D:7 exclusion: 2 ice devils

#.......# # #.......###
..###.........# ....##........##
......#.>......###
..................#######
..#......B.........#P.#.#
..^....#@†..##.#......††.
........##PY.#..........# ## .
..#.....Y..°.........†.... ##.
.#.......##..........##†.... ....
..##$.......................
..#.##.##......Y#.......##.......
...#.#.##...#............>......#
.......###.##YY......P...........
.......#.#.....................P.


You could see 2 death yaks and a boulder beetle.


Message History

g - a potion of magic Unknown command.
Unknown command.
Your pack is full.
You see here a +4 ring of protection.
Unknown command.
Your pack is full.
You see here a +4 ring of protection.
Unknown command.
Your pack is full.
You see here a +4 ring of protection.
Could not pick up a +4 ring of protection here; ([A]lways) ignore it?
Autopickup disabled for rings of protection.
Unknown command.
A black mamba is nearby!
Danger!
You shoot a bolt. The black mamba hisses angrily.
The bolt hits the black mamba!
You shoot a bolt.
The bolt closely misses the black mamba.
You hear the crackle of electricity.
b - a +1 short sword of electrocution (weapon)
{short} You barely miss the black mamba.
The black mamba closely misses you.
You barely miss the black mamba. The black mamba closely misses you.
You hit the black mamba but do no damage.
You bite the black mamba! You drain its power. The black mamba misses you.
You can now pass through a line of other dancers.
You hit the black mamba but do no damage.
The black mamba bites you but does no damage.
You closely miss the black mamba.
You hit the black mamba but do no damage.
Lightning courses through the black mamba!
You kill the black mamba!
No target in view!
Unknown command.
Your +1 short sword of electrocution {short} stops crackling.
a - a +0 arbalest (weapon)
{crossbow} A death yak is nearby!
Danger!
You shoot a bolt. The death yak bellows!
The bolt hits the death yak.
You hear a bellow! x2
You shoot a bolt. The bolt hits the death yak.
You shoot a bolt. The bolt hits the death yak.
The boulder beetle curls into a ball and begins rolling!
Unknown command.
The death yak attacks as you move away!
The death yak gores you but does no damage.
Found a stone staircase leading down.
The death yak attacks as you move away! The death yak gores you.
The death yak attacks as you move away!
The death yak gores you but does no damage.
You can no longer pass through a line of other dancers.
The death yak barely misses you.
Unknown command.
Unknown command.
Unknown command.
The death yak attacks as you move away! The death yak gores you!!
Unknown command.
You hear the crackle of electricity.
b - a +1 short sword of electrocution (weapon)
{short} Unknown command.
You hit the death yak. The death yak gores you.
You hit the death yak but do no damage.
Lightning courses through the death yak!!
You bite the death yak, but do no damage.
The boulder beetle hits you!!!
Ouch! That really hurt!
* * * LOW HITPOINT WARNING * * *
The boulder beetle stops rolling and uncurls.
You hear a bellow!
You hit the death yak.
You punch the death yak, but do no damage.
You bite the death yak. You drain its power.
You feel invigorated. The death yak gores you!
* * * LOW HITPOINT WARNING * * *
Unknown command.
You hit the death yak but do no damage.
Lightning courses through the death yak!
You punch the death yak. You bite the death yak! You drain its power.
You feel invigorated.
The boulder beetle bites you but does no damage.
You can now pass through a line of other dancers.
You hit the death yak but do no damage.
You bite the death yak, but do no damage.
The death yak gores you.
* * * LOW HITPOINT WARNING * * *
Unknown command.
You hit the death yak.
Lightning courses through the death yak!!
You punch the death yak, but do no damage.
The boulder beetle barely misses you.
Unknown command.
You barely miss the death yak. You bite the death yak.
You kill the death yak!
Unknown command.
You hit the boulder beetle but do no damage.
You bite the boulder beetle. You drain its power.
You feel invigorated. The boulder beetle bites you!!
You die...

Skill      XL: |  1  2  3  4  5  6  7  8  9 10 11 12 13 |
---------------+----------------------------------------+-----
Ranged Weapons | 4 5 6 10 11 | 11.3
Short Blades   | 1 2 3 5 7 9 12 | 12.0
Fighting       | 3 5 7 |  7.6
Invocations    | 4 7 8 |  8.5
Stealth        | 4 6 8 9 |  9.1
Spellcasting   | 3 4 5 |  5.2
Dodging        | 3 4 5 |  5.0
Armour         | 2 |  2.0

Action                   |  1- 3 |  4- 6 |  7- 9 | 10-12 | 13-15 || total
-------------------------+-------+-------+-------+-------+-------++-------
Melee: Unarmed           |     2 |       |       |       |       ||     2
       Short sword       |    14 |    79 |   174 |   571 |   217 ||  1055
       Bite              |     4 |    18 |    56 |   201 |   109 ||   388
       Punch             |       |     1 |     3 |    12 |    12 ||    28
 Fire: Shortbow          |    80 |    91 |    92 |     9 |       ||   272
       Arbalest          |       |       |       |   127 |    69 ||   196
Invok: Grand Finale      |       |       |       |     1 |       ||     1
Evoke: Wand              |       |       |     1 |       |       ||     1
  Use: Scroll            |       |    11 |       |    12 |     4 ||    27
 Stab: Paralysed         |       |       |     9 |    29 |     7 ||    45
       Sleeping          |       |       |       |     1 |     1 ||     2
Armor: Leather armour    |    20 |    31 |    18 |       |       ||    69
       Robe              |       |       |    24 |    30 |       ||    54
       Troll leather arm |       |       |       |    75 |    46 ||   121
Dodge: Dodged            |    49 |    36 |    78 |   236 |    76 ||   475

Levels and vault maps discovered:
D:1:      minmay_arrival_doors, layout_basic, serial_shops, shop,
          amcnicky_mini_corridor_feature
D:2:      wad_crossroads, layout_basic, minmay_between
D:3:      layout_basic, nemelex_altar_shiori, gammafunk_temple_overflow_claw,
          minmay_misc_feat_pillars, minmay_quantized
D:4:      layout_basic, uniq_ijyb
D:5:      layout_gridville, uniq_edmund
D:6:      layout_layer_cave, minmay_temple_entry_statues_pillars, uniq_sigmund
D:7:      layout_basic, hellmonk_guarded_unrand_frostbite, uniq_prince_ribbit1
D:8:      layout_basic
D:9:      layout_roguey [special_room_orc], minmay_lair_entry_grove, david_orc_4
D:10:     layout_stronghold, hangedman_fish_farm, uniq_harold, uniq_nergalle
D:11:     layout_basic, uniq_erolcha, uniq_snorg
Temple:   hc_temple_tempest_star
Lair:1:   layout_misc_corridors, serial_rivers, chequers_serial_rivers_micro_b,
          chequers_serial_rivers_micro_a, chequers_serial_rivers_small_3,
          chequers_serial_rivers_room_a, nicolae_volcano_entry_lava_flow,
          grunt_megastairs_2, serial_bayou_shore_b
Lair:2:   layout_loops_ring, skrybe_swamp_entry_bodies, lemuel_fruit_tree,
          lemuel_fruit_fields, grunt_megastairs_1
Lair:3:   layout_layer_cave, dummy_spider_entry, kennysheep_snail_temple
Lair:4:   layout_misc_corridors, minmay_slime_entry_eyes,
          cheibrodos_lair_reptile_den

Notes
Turn   | Place    | Note
-------+----------+-------------------------------------------
     0 | D:1      | Sobieck the Vine Stalker Hunter began the quest for the
                  | Orb.
     0 | D:1      | Reached XP level 1. HP: 11/11 MP: 2/2
    53 | D:1      | Reached skill level 4 in Ranged Weapons
    53 | D:1      | Reached XP level 2. HP: 15/15 MP: 3/3
   198 | D:1      | HP: 3/15 [ball python (2)]
   201 | D:1      | HP: 1/15 [ball python (1)]
   571 | D:1      | Found Woli's General Store.
   584 | D:1      | Reached XP level 3. HP: 18/18 MP: 4/4
  1170 | D:1      | Reached skill level 1 in Short Blades
  1565 | D:2      | Gained mutation: Your natural rate of healing is unusually
                  | fast. [Vine Stalker growth]
  1565 | D:2      | Reached XP level 4. HP: 23/23 MP: 5/5
  1982 | D:2      | Reached skill level 2 in Short Blades
  2435 | D:3      | You pick up a book of Necromancy and begin reading...
  2435 | D:3      | You add the spells Necrotise, Vampiric Draining and Agony
                  | to your library.
  2441 | D:3      | Found a sparkling altar of Nemelex Xobeh.
  2467 | D:3      | Reached XP level 5. HP: 26/26 MP: 6/6
  2488 | D:3      | Reached skill level 5 in Ranged Weapons
  2970 | D:3      | Found a sacrificial altar of Ru.
  2970 | D:3      | Found a glowing golden altar of the Shining One.
  2971 | D:3      | Found a hazy altar of Hepliaklqana.
  3171 | D:4      | You pick up a book of Necromancy and begin reading...
  3324 | D:4      | Reached skill level 3 in Short Blades
  3530 | D:4      | Noticed Ijyb
  3556 | D:4      | Killed Ijyb
  3557 | D:4      | Reached XP level 6. HP: 30/30 MP: 7/7
  3654 | D:4      | Reached skill level 4 in Short Blades
  4053 | D:5      | Entered Level 5 of the Dungeon
  4247 | D:5      | Reached skill level 5 in Short Blades
  4309 | D:5      | Reached XP level 7. HP: 34/34 MP: 8/8
  4345 | D:5      | You pick up a book of Flames and begin reading...
  4345 | D:5      | You add the spells Foxfire, Conjure Flame, Inner Flame and
                  | Flame Wave to your library.
  4630 | D:5      | Reached skill level 6 in Short Blades
  4829 | D:5      | Noticed Edmund
  4969 | D:5      | Killed Edmund
  4970 | D:5      | Reached skill level 7 in Short Blades
  5148 | D:5      | Gained mutation: You have razor-sharp teeth. [Vine Stalker
                  | growth]
  5148 | D:5      | Reached XP level 8. HP: 38/38 MP: 9/9
  5289 | D:6      | Reached skill level 8 in Short Blades
  5786 | D:6      | Noticed Sigmund
  6049 | D:6      | Killed Sigmund
  6050 | D:6      | Reached skill level 9 in Short Blades
  6120 | D:6      | Found a staircase to the Ecumenical Temple.
  6131 | Temple   | Entered the Ecumenical Temple
  6149 | Temple   | Became a worshipper of Uskayaw the Reveller
  6379 | D:6      | Reached * piety under Uskayaw
  6700 | D:7      | Reached ** piety under Uskayaw
  6702 | D:7      | Reached *** piety under Uskayaw
  6760 | D:7      | Noticed an ice devil
  6760 | D:7      | Noticed an ice devil
  6930 | D:7      | You pick up a book of Debilitation and begin reading...
  6930 | D:7      | You add the spells Slow and Confusing Touch to your
                  | library.
  6953 | D:7      | Noticed Prince Ribbit
  6978 | D:7      | Reached XP level 9. HP: 30/42 MP: 10/10
  6980 | D:7      | Killed Prince Ribbit
  6981 | D:7      | Reached skill level 10 in Short Blades
  7118 | D:8      | You pick up a book of Flames and begin reading...
  7219 | D:8      | You pick up a book of Unlife and begin reading...
  7219 | D:8      | You add the spells Animate Dead, Borgnjor's Vile Clutch and
                  | Death Channel to your library.
  7963 | D:8      | Reached **** piety under Uskayaw
  8054 | D:8      | Reached skill level 11 in Short Blades
  8068 | D:8      | Reached ***** piety under Uskayaw
  8132 | D:8      | Reached skill level 12 in Short Blades
  8132 | D:8      | Reached XP level 10. HP: 18/46 MP: 11/11
  8162 | D:8      | Reached skill level 2 in Fighting
  8162 | D:8      | Reached skill level 1 in Invocations
  8173 | D:8      | Reached skill level 2 in Stealth
  8173 | D:8      | Reached skill level 1 in Spellcasting
  8174 | D:8      | Reached skill level 2 in Dodging
  8188 | D:8      | Reached skill level 2 in Invocations
  8222 | D:9      | Found a staircase to the Lair.
  8315 | D:9      | Reached skill level 3 in Stealth
  8392 | D:9      | Identified the +8 spear of the Hero {vamp, rPois Str+4
                  | Int+2}
  8516 | D:9      | Reached skill level 2 in Spellcasting
  8516 | D:9      | Reached skill level 3 in Invocations
  8588 | D:9      | Reached skill level 3 in Fighting
  8592 | D:9      | Reached skill level 4 in Invocations
  8596 | D:9      | Reached skill level 4 in Stealth
  8604 | D:9      | Reached ****** piety under Uskayaw
  8605 | D:9      | Reached skill level 3 in Dodging
  8650 | D:9      | Reached skill level 3 in Spellcasting
  8739 | D:9      | Reached XP level 11. HP: 22/52 MP: 4/16
  8885 | D:9      | Reached skill level 6 in Ranged Weapons
  9086 | D:9      | Reached skill level 5 in Invocations
  9251 | D:9      | Found a staircase to the Orcish Mines.
  9400 | D:10     | Entered Level 10 of the Dungeon
  9583 | D:10     | Noticed Harold
  9604 | D:10     | Reached skill level 5 in Stealth
  9614 | D:10     | Killed Harold
  9615 | D:10     | Reached skill level 4 in Fighting
 10172 | D:10     | Noticed Nergalle
 10194 | D:10     | Killed Nergalle
 10195 | D:10     | Reached skill level 4 in Spellcasting
 10575 | D:10     | Reached skill level 6 in Invocations
 10921 | D:11     | Noticed Erolcha
 10932 | D:11     | Noticed a boulder beetle
 10949 | D:11     | Killed Erolcha
 10950 | D:11     | Reached skill level 4 in Dodging
 11055 | Lair:1   | Entered Level 1 of the Lair of Beasts
 11106 | Lair:1   | Reached skill level 6 in Stealth
 11170 | Lair:1   | You pick up a book of Blasting and begin reading...
 11170 | Lair:1   | You add the spells Fulminant Prism, Iskenderun's Mystic
                  | Blast and Lee's Rapid Deconstruction to your library.
 11232 | Lair:1   | Reached skill level 7 in Invocations
 11246 | Lair:1   | Reached skill level 5 in Fighting
 11249 | Lair:1   | Reached XP level 12. HP: 56/60 MP: 17/19
 11268 | Lair:1   | Reached skill level 7 in Ranged Weapons
 11271 | Lair:1   | Reached skill level 7 in Stealth
 11338 | Lair:1   | You fall into a shaft and drop 1 floor!
 11381 | Lair:2   | Found a staircase to the Swamp.
 11405 | Lair:2   | Reached skill level 5 in Dodging
 11634 | Lair:1   | Noticed a death yak
 11635 | Lair:1   | Noticed a death yak
 11677 | Lair:1   | Killed a death yak
 11678 | Lair:1   | Reached skill level 8 in Stealth
 11681 | Lair:1   | Noticed a death yak
 11696 | Lair:1   | Killed a death yak
 11697 | Lair:1   | Reached skill level 6 in Fighting
 11709 | Lair:1   | Killed a death yak
 11758 | Lair:1   | Found a dark tunnel.
 11809 | Lair:1   | Reached skill level 8 in Ranged Weapons
 12125 | Lair:1   | Reached skill level 7 in Fighting
 12233 | Lair:2   | Reached skill level 9 in Ranged Weapons
 12637 | Lair:2   | You pick up a book of Geomancy and begin reading...
 12637 | Lair:2   | You add the spells Sandblast, Passwall and Stone Arrow to
                  | your library.
 13010 | Lair:3   | Noticed a death yak
 13013 | Lair:3   | Noticed a death yak
 13014 | Lair:3   | Noticed a death yak
 13016 | Lair:3   | Noticed a death yak
 13017 | Lair:3   | Noticed a death yak
 13017 | Lair:3   | Noticed a death yak
 13018 | Lair:3   | Noticed a six-headed hydra
 13023 | Lair:2   | Killed a death yak
 13099 | Lair:3   | Reached skill level 10 in Ranged Weapons
 13114 | Lair:3   | Reached XP level 13. HP: 67/67 MP: 16/20
 13338 | Lair:3   | Reached skill level 11 in Ranged Weapons
 13472 | Lair:3   | Found a hole to the Spider Nest.
 13633 | Lair:3   | Reached skill level 1 in Armour
 13904 | Lair:3   | Found a snail-covered altar of Cheibriados.
 14501 | Lair:4   | Found a viscous altar of Jiyva.
 14749 | Lair:3   | Reached skill level 8 in Invocations
 14751 | Lair:3   | Reached skill level 2 in Armour
 14799 | Lair:4   | Reached skill level 9 in Stealth
 14799 | Lair:4   | Reached skill level 5 in Spellcasting
 14904 | Lair:4   | HP: 13/67 [death yak (12)]
 14909 | Lair:4   | Slain by a boulder beetle

Vanquished Creatures
  Harold (D:10)
  A hydra (Lair:3)
  Erolcha (D:11)
  11 death yaks
  Nergalle (D:10)
  A bog body (Lair:2)
  6 elephants (Lair:4)
  4 black mambas
  An eye of devastation (Lair:4)
  3 torpor snails (Lair:3)
  9 cane toads
  3 rime drakes
  6 komodo dragons
  A merfolk (D:10)
  A polar bear (Lair:1)
  2 trolls
  13 blink frogs
  Prince Ribbit (D:7)
  Sigmund (D:6)
  A shadow (D:10)
  5 wyverns
  45 yaks
  A basilisk (Lair:2)
  A steam dragon (D:6)
  Edmund (D:5)
  12 water moccasins
  A floating eye (Lair:4)
  9 orc warriors
  2 black bears (D:6)
  2 ice beasts
  2 ogres
  4 wolves (Lair:3)
  2 centaurs
  2 kobold brigands (D:8)
  5 bullfrogs
  A gnoll sergeant (D:10)
  6 scorpions
  6 killer bees
  A howler monkey (D:8)
  A hound (D:5)
  A gnoll bouda (D:10)
  8 orc priests
  An iguana (D:8)
  Ijyb (D:4)
  10 orc wizards
  4 hell rats (Lair:1)
  8 adders
  11 gnolls
  2 shadow imps
  A worm (D:4)
  A dart slug (D:5)
  45 orcs
  14 ball pythons
  7 endoplasms
  3 giant cockroaches
  9 goblins
  6 hobgoblins
  7 jackals
  5 quokkas
  5 bats
  7 frilled lizards
  22 kobolds
  3 rats
358 creatures vanquished.

Vanquished Creatures (others)
  A bush (Lair:4)
  13 fungi
  14 plants
28 creatures vanquished.

Grand Total: 386 creatures vanquished

Table legend:
 A = Non-vault XP
 B = Vault XP
 C = Vault XP percentage of total XP
 D = Non-vault monster count
 E = Vault monster count
 F = Vault count percentage of total count
                 A         B        C        D         E       F
            +---------+---------+-------+---------+---------+-------
      Total |   37554 |   12994 |  25.7 |     269 |      89 |  24.9
            +---------+---------+-------+---------+---------+-------
        D:1 |      70 |       0 |   0.0 |      36 |       0 |   0.0
        D:2 |      50 |      23 |  31.5 |      15 |       7 |  31.8
        D:3 |      48 |      17 |  26.2 |      13 |       3 |  18.8
        D:4 |     186 |      36 |  16.2 |      14 |       1 |   6.7
        D:5 |     668 |     173 |  20.6 |      10 |       1 |   9.1
        D:6 |     575 |     223 |  27.9 |      17 |       1 |   5.6
        D:7 |     373 |     274 |  42.3 |       5 |       1 |  16.7
        D:8 |    1402 |    2059 |  59.5 |      24 |      12 |  33.3
        D:9 |    3082 |    1419 |  31.5 |      25 |      41 |  62.1
       D:10 |    1258 |    1982 |  61.2 |      20 |       3 |  13.0
       D:11 |       0 |     871 | 100.0 |       0 |       1 | 100.0
     Lair:1 |    8399 |    1709 |  16.9 |      28 |       6 |  17.6
     Lair:2 |    5855 |    1513 |  20.5 |      21 |       5 |  19.2
     Lair:3 |   11095 |    1682 |  13.2 |      31 |       4 |  11.4
     Lair:4 |    4493 |    1013 |  18.4 |      10 |       3 |  23.1
            +---------+---------+-------+---------+---------+-------

Illustrated notes

Table legend:
 A = Kills in this place as a percentage of kills in entire the game.
 B = Kills by you in this place as a percentage of kills by you in the entire game.
 C = Kills by friends in this place as a percentage of kills by friends in the entire game.
 D = Other kills in this place as a percentage of other kills in the entire game.
 E = Experience gained in this place as a percentage of experience gained in the entire game.
 F = Experience gained in this place divided by the number of levels of this place that you have seen.
                   A       B       C       D       E      F
               +-------+-------+-------+-------+-------+----------------------
         Total | 100.0 | 100.0 |   N/A |   N/A | 100.0 | 3159.2
       Dungeon |  69.8 |  69.8 |   N/A |   N/A |  29.3 | 1344.5
          Lair |  30.2 |  30.2 |   N/A |   N/A |  70.7 | 8939.8
               +-------+-------+-------+-------+-------+----------------------

Table legend: (Time is in decaauts)
 A = Elapsed time spent in this place.
 B = Non-inter-level travel time spent in this place.
 C = Inter-level travel time spent in this place.
 D = Time resting spent in this place.
 E = Time spent auto-exploring this place.
 F = Levels seen in this place.
 G = Mean time per level.
                   A        B        C        D        E       F      G
               +--------+--------+--------+--------+--------+-----+--------+
         Total |  14555 |  13693 |    862 |   1295 |   8973 |  16 |  909.7 |
       Dungeon |  10840 |  10178 |    662 |   1162 |   6915 |  11 |  985.5 |
        Temple |     30 |     19 |     11 |      0 |      4 |   1 |   30.0 |
          Lair |   3684 |   3496 |    188 |    133 |   2054 |   4 |  921.0 |
               +--------+--------+--------+--------+--------+-----+--------+

Top non-repeatable levels by time:
  Lair:3: 1502 daAuts
     D:5: 1423 daAuts
    D:10: 1365 daAuts
     D:1: 1295 daAuts
     D:9: 1124 daAuts
     D:4: 1022 daAuts
  Lair:1: 983 daAuts
     D:2: 972 daAuts
     D:6: 961 daAuts
  Lair:2: 901 daAuts
     D:3: 886 daAuts
     D:8: 874 daAuts
     D:7: 730 daAuts
  Lair:4: 296 daAuts
    D:11: 184 daAuts
